 Dungeon Crawl Stone Soup version 0.20.1-1-g8b1a95d (webtiles) character file.

4923 Peloso the Carver (level 10, -1/88 HPs)
             Began as a Minotaur Fighter on July 23, 2017.
             Was an Elder of Okawaru.
             Slain by a warg (10 damage)
             ... on level 9 of the Dungeon.
             The game lasted 00:19:39 (8067 turns).

Peloso the Carver (Minotaur Fighter)                Turns: 8067, Time: 00:19:39

Health: -1/88      AC: 16    Str: 21    XL:     10   Next: 27%
Magic:  8/9        EV: 12    Int:  5    God:    Okawaru [****..]
Gold:   407        SH: 16    Dex: 13    Spells: 9/9 levels left

rFire    + . .     SeeInvis .   a - +1 long sword
rCold    . . .     Gourm    .   c - +0 shield
rNeg     + . .     Faith    .   s - +0 chain mail {rF+}
rPois    .         Spirit   .   (helmet restricted)
rElec    .         Reflect  +   w - +0 cloak
rCorr    .         Harm     .   (no gloves)
MR       .....                  n - +1 pair of boots {Fly}
Stlth    +.........             S - +2 amulet of reflection
Regen    0.3/turn               O - ring of stealth
MPRegen  0.2/turn               j - ring of positive energy

@: heroism, flying, slowed, very slow
A: retaliatory headbutt, horns 2
a: Heroism, Renounce Religion, Stop Flying


You were on level 9 of the Dungeon.
You worshipped Okawaru.
Okawaru was greatly pleased with you.
You were not hungry.

You visited 1 branch of the dungeon, and saw 9 of its levels.
You also visited: Sewer.

You collected 407 gold pieces.

Inventory:

Hand Weapons
 a - a +1 long sword (weapon)
 A - a +2 short sword of freezing
 H - a +2 spear of piercing
 N - a cursed -1 dagger
 X - a cursed +3 hand axe
Armour
 c - a +0 shield (worn)
 n - a +1 pair of boots of flying (worn)
 s - a +0 chain mail of fire resistance (worn)
 w - a +0 cloak (worn)
Jewellery
 e - an uncursed ring of flight
 j - a ring of positive energy (right hand)
 O - a ring of stealth (left hand)
 S - a +2 amulet of reflection (around neck)
Wands
 t - a wand of confusion (30/48)
 F - a wand of polymorph (9/24)
 G - a wand of iceblast (1/15)
 I - a wand of flame (28/48)
 K - a wand of disintegration (11/24)
 L - a wand of random effects (21/48)
 M - a wand of random effects (27/48)
 R - a wand of disintegration (14/24)
 U - a wand of acid (9/15)
Scrolls
 b - a scroll of enchant weapon
 d - a scroll of magic mapping
 g - 7 scrolls of identify {unknown}
 i - 5 scrolls of remove curse
 q - a scroll of fear
 y - 4 scrolls of teleportation
 E - a scroll of noise {unknown}
 J - a scroll of blinking
 V - a scroll of amnesia {unknown}
Potions
 h - 3 potions of curing
 m - a potion of brilliance {unknown}
 o - 3 potions of heal wounds {unknown}
 p - a potion of degeneration {unknown}
 r - 3 potions of lignification {unknown}
 u - 3 potions of flight {unknown}
 v - 3 potions of agility
 z - a potion of haste
 B - 2 potions of mutation {unknown}
 C - a potion of magic {unknown}
 D - 2 potions of invisibility {unknown}
 P - a potion of ambrosia {unknown}
 W - a potion of might
Books
 Q - a book of Callings

   Spells                             Type                      Level
   a - Summon Small Mammal            Summoning                    1
   b - Call Imp                       Summoning                    2
   c - Call Canine Familiar           Summoning                    3
   d - Summon Guardian Golem          Hexes/Summoning              3
   e - Summon Lightning Spire         Summoning/Air                4
   f - Summon Ice Beast               Ice/Summoning                4
Comestibles
 f - 5 bread rations
 k - 9 meat rations
 l - 10 fruits
 x - 3 royal jellies
 T - 11 chunks of flesh


   Skills:
 + Level 8.0(13.0) Fighting
 + Level 11.1(16.1) Long Blades
 + Level 7.9(12.9) Armour
 + Level 3.1(8.1) Dodging
 + Level 1.0(6.0) Stealth
 + Level 10.1(15.1) Shields
 + Level 0.6 Invocations


You had 9 spell levels left.
You didn't know any spells.

Dungeon Overview and Level Annotations

Branches:
Dungeon (9/15)             Temple (0/1) D:6
   Lair: D:8-11         Orc: D:9-12

Altars:
Dithmenos
Elyvilon
Fedhas
Hepliaklqana
Makhleb
Nemelex Xobeh
Okawaru
Trog
Vehumet
Zin
The Shining One


Innate Abilities, Weirdness & Mutations

You reflexively headbutt those who attack you in melee.
You have a pair of horns on your head.


Message History

You barely miss the two-headed ogre.
The two-headed ogre is almost dead.
The orc wizard hits you with a dagger.
* * * LOW HITPOINT WARNING * * *
Unknown command.
You slash the two-headed ogre!
You kill the two-headed ogre!
Okawaru accepts your kill.
Your base Fighting skill increases to level 8!
Your base Long Blades skill increases to level 11!
Your base Stealth skill increases to level 1!
Your base Shields skill increases to level 10!
* * * LOW HITPOINT WARNING * * *
You feel sick.
Unknown command.
It was a potion of curing.
You feel better.
The orc wizard gestures at you while chanting.
You feel yourself slow down. The warg bites you!
You die...

............#
#...###
............#
###########....>.
..............
.................
..............
...........<..[..
##########...
######.#####.###
# .. #.# #.# # #.
#.# #.# #
##...##########.#
#.# .....$.
......†.@.......#
#.. ..|....
.......ho.......#
... .......
.........o.######
#######
#########..#
###..#####
.........
#........ #<#####
#######.########


You could see a warg, an orc priest and an orc wizard.

Vanquished Creatures
  2 two-headed ogres (D:9)
  Grinder (D:3)
  A wyvern (D:9)
  3 yaks (D:8)
  2 orc warriors (D:8)
  An eye of draining (D:7)
  A phantom (D:6)
  2 ogres
  A necrophage (D:8)
  A centaur (D:5)
  6 bullfrogs
  2 big kobolds
  A scorpion (D:4)
  3 wights (D:9)
  3 bullfrog zombies
  A centaur zombie (D:5)
  A crimson imp (D:7)
  3 hounds
  An orc priest (D:6)
  Crazy Yiuf (D:2)
  A gnoll shaman (D:4)
  A bullfrog skeleton (D:5)
  A centaur skeleton (D:8)
  2 iguanas
  3 iron imps (D:4)
  Terence (D:2)
  Jessica (D:3)
  7 orc wizards
  Natasha (thrice) (D:2)
  7 worker ants
  2 hound zombies
  2 hound skeletons
  A worker ant zombie (D:5)
  11 adders
  9 gnolls
  A river rat (D:3)
  A shadow imp (D:5)
  An ooze (D:2)
  3 adder zombies
  4 worms
  A dart slug (D:1)
  8 leopard geckos
  28 orcs
  3 ball pythons
  17 giant cockroaches
  2 goblins
  8 hobgoblins
  8 jackals
  5 quokkas
  7 bats
  6 frilled lizards
  A jackal skeleton (D:5)
  26 kobolds
  A leopard gecko zombie (D:5)
  A quokka skeleton (D:6)
  A quokka zombie (D:5)
  5 rats
  5 plants (D:6)
232 creatures vanquished.

Notes
Turn   | Place    | Note
-------+----------+-------------------------------------------
     0 | D:1      | Peloso the Minotaur Fighter began the quest for the Orb.
     0 | D:1      | Reached XP level 1. HP: 19/19 MP: 0/0
   113 | D:1      | Reached XP level 2. HP: 27/27 MP: 1/1
   670 | D:2      | Reached XP level 3. HP: 33/33 MP: 2/2
  1048 | D:2      | Reached skill level 3 in Long Blades
  1052 | D:2      | Noticed Natasha
  1072 | D:2      | Killed Natasha
  1072 | D:2      | Reached XP level 4. HP: 30/40 MP: 3/3
  1106 | D:2      | Noticed Natasha
  1119 | D:2      | Killed Natasha
  1186 | D:2      | Noticed Natasha
  1196 | D:2      | Killed Natasha
  1507 | D:2      | Noticed Terence
  1512 | D:2      | Killed Terence
  1512 | D:2      | Reached XP level 5. HP: 47/47 MP: 4/4
  1530 | D:2      | Reached skill level 4 in Long Blades
  1616 | D:2      | Found a runed door.
  1620 | D:2      | Noticed Crazy Yiuf
  1636 | D:2      | Killed Crazy Yiuf
  1959 | D:3      | Found a glowing drain.
  1972 | Sewer    | Entered a sewer
  1992 | Sewer    | Reached skill level 5 in Armour
  2130 | Sewer    | Reached XP level 6. HP: 54/55 MP: 5/5
  2181 | Sewer    | Reached skill level 5 in Fighting
  2181 | Sewer    | Reached skill level 5 in Shields
  2185 | Sewer    | Reached skill level 5 in Long Blades
  2344 | D:3      | Noticed Jessica
  2349 | D:3      | Killed Jessica
  2349 | D:3      | Reached skill level 1 in Dodging
  2576 | D:3      | Noticed Grinder
  2578 | D:3      | Paralysed by Grinder for 4 turns
  2588 | D:3      | Paralysed by Grinder for 4 turns
  2593 | D:3      | Killed Grinder
  2593 | D:3      | Reached skill level 6 in Long Blades
  2593 | D:3      | Reached XP level 7. HP: 20/61 MP: 6/6
  2811 | D:3      | Found a shadowy altar of Dithmenos.
  2940 | D:3      | Found a sparkling altar of Nemelex Xobeh.
  3639 | D:4      | Found a radiant altar of Vehumet.
  4058 | D:4      | Found a burning altar of Makhleb.
  4069 | D:4      | Reached XP level 8. HP: 62/70 MP: 7/7
  4075 | D:4      | Reached skill level 7 in Long Blades
  4208 | D:5      | Entered Level 5 of the Dungeon
  4281 | D:5      | Found a blossoming altar of Fedhas.
  4535 | D:5      | Found an iron altar of Okawaru.
  4541 | D:5      | Became a worshipper of Warmaster Okawaru
  5133 | D:6      | Reached skill level 8 in Long Blades
  5225 | D:6      | Found a staircase to the Ecumenical Temple.
  5831 | D:6      | Reached * piety under Okawaru
  6065 | D:7      | Reached skill level 9 in Long Blades
  6227 | D:7      | Reached XP level 9. HP: 78/78 MP: 8/8
  6293 | D:7      | Found a hazy altar of Hepliaklqana.
  6413 | D:7      | Found a white marble altar of Elyvilon.
  6414 | D:7      | Found a glowing silver altar of Zin.
  6415 | D:7      | Found a glowing golden altar of the Shining One.
  6654 | D:7      | Found a bloodstained altar of Trog.
  6870 | D:8      | Reached ** piety under Okawaru
  7127 | D:9      | Noticed a two-headed ogre
  7128 | D:9      | HP: 3/77 [bullfrog (4)]
  7498 | D:8      | Reached skill level 10 in Long Blades
  7975 | D:9      | Noticed a two-headed ogre
  7982 | D:9      | Killed a two-headed ogre
  7982 | D:9      | Reached *** piety under Okawaru
  7982 | D:9      | Reached XP level 10. HP: 78/87 MP: 6/9
  8062 | D:9      | HP: 3/87 [two-headed ogre/giant club (16)]
  8064 | D:9      | HP: 1/87 [orc wizard/dagger (2)]
  8065 | D:9      | Killed a two-headed ogre
  8065 | D:9      | Reached **** piety under Okawaru
  8065 | D:9      | Reached skill level 11 in Long Blades
  8065 | D:9      | Reached skill level 1 in Stealth
  8065 | D:9      | Reached skill level 10 in Shields
  8067 | D:9      | Slain by a warg

Skill      XL: |  1  2  3  4  5  6  7  8  9 10 |
---------------+-------------------------------+-----
Shields        | 4 5 6 8 9 10 | 10.1
Fighting       | 4 5 6 7 8 |  8.0
Armour         | 4 5 6 7 |  7.9
Long Blades    | 3 4 6 9 10 11 | 11.1
Dodging        | 1 2 3 |  3.1
Stealth        | 1 |  1.0
Invocations    | |  0.6

Action                   |  1- 3 |  4- 6 |  7- 9 | 10-12 || total
-------------------------+-------+-------+-------+-------++-------
Melee: Long sword        |    78 |   159 |   551 |    27 ||   815
       Headbutt          |    16 |    26 |   133 |    11 ||   186
Invok: Heroism           |       |       |     2 |     1 ||     3
  Use: Potion            |       |     2 |       |     1 ||     3
       Scroll            |       |     6 |     3 |       ||     9
  Eat: Chunk             |       |     6 |    18 |       ||    24
Armor: Scale mail        |    29 |    20 |       |       ||    49
       Chain mail        |       |    73 |   196 |     8 ||   277
Dodge: Dodged            |    20 |    35 |   107 |    10 ||   172
Block: Shield            |    42 |    98 |   298 |    12 ||   450
       Reflection        |       |       |     5 |       ||     5
       Rpst.: Long sword |     7 |     7 |    32 |     2 ||    48
